 Dungeon Crawl Stone Soup version 0.27-a0-1308-gc08437e49b (webtiles) character file.

Game seed: 3200728508569540585

23 hatdisgam the Ruffian (level 3, -2/31 HPs)
             Began as a Naga Transmuter on June 18, 2021.
             Slain by Sigmund (10 damage)
             ... on level 2 of the Dungeon.
             The game lasted 00:02:08 (839 turns).

hatdisgam the Ruffian (Naga Transmuter)              Turns: 839, Time: 00:02:09

Health: -2/31      AC:  3    Str: 12    XL:     3   Next: 0%
Magic:  5/6        EV:  9    Int: 14    God:
Gold:   71         SH:  0    Dex: 11    Spells: 3/6 levels left

rFire    . . .     SeeInvis +   e - +2 falchion (elec)
rCold    . . .     Faith    .   (no shield)
rNeg     . . .     Spirit   .   a - +0 robe
rPois    +         Reflect  .   (helmet currently unavailable)
rElec    .         Harm     .   b - +0 cloak
rCorr    .         Rampage  .   (no gloves)
Will     .....                  (no barding)
Stlth    +.........             (no amulet)
HPRegen  0.10/turn              (no ring)
MPRegen  0.10/turn              (no ring)

@: appendages (expiring), very slow
A: horns 2, AC +1, large, see invisible, deformed body, poison resistance,
slowness 2, spit poison 1, naga tail 1
a: Spit Poison, End Transformation


You were on level 2 of the Dungeon.
You had temporarily grown beastly horns.
You visited 1 branch of the dungeon, and saw 2 of its levels.

You collected 71 gold pieces.

Inventory:

Hand Weapons
 e - a +2 falchion of electrocution (weapon)
Armour
 a - a +0 robe (worn)
 b - a +0 cloak (worn)
 h - a +0 kite shield
Scrolls
 c - a scroll of identify {unknown}
 f - a scroll of enchant weapon {unknown}
 g - a scroll of magic mapping {unknown}
 i - a scroll of teleportation {unknown}
Potions
 d - a potion of heal wounds {unknown}


   Skills:
 - Level 1.3 Fighting
 * Level 1.2 Long Blades
 - Level 1.5 Dodging
 + Level 0.5 Shields
 - Level 3.0 Unarmed Combat
 - Level 2.0 Spellcasting
 + Level 2.5 Transmutations


You had 3 spell levels left.
You knew the following spells:

 Your Spells              Type           Power      Damage    Failure   Level
a - Beastly Appendage     Tmut           16%        N/A       9%          1
b - Wereblood             Tmut           8%         N/A       13%         2

Your spell library contained the following spells:

 Spells                   Type           Power      Damage    Failure   Level
 Animate Skeleton         Necr           2%         N/A       24%         1
 Apportation              Tloc           2%         N/A       24%         1
 Corona                   Hex            1%         N/A       24%         1
 Summon Small Mammal      Summ           4%         N/A       24%         1
 Spider Form              Tmut/Pois      2%         N/A       38%         3
 Ice Form                 Ice/Tmut       4%         N/A       80%         4


Dungeon Overview and Level Annotations

Branches:
Dungeon (2/15)

Altars:

Shops:
D:1 (

Annotations:
D:2 Sigmund


Innate Abilities, Weirdness & Mutations

You have temporarily grown beastly horns.
Your serpentine skin is tough. (AC +1)
You have supernaturally acute eyesight. (SInv)
Armour fits poorly on your strangely shaped body.
Your system is resistant to poisons. (rPois)
You cover ground very slowly.
You can spit poison.
You have a snake-like lower body.


Message History

You hit the giant cockroach.
You kill the giant cockroach!
You have reached level 3!
Your experience leads to an increase in your attributes!
Increase (S)trength, (I)ntelligence, or (D)exterity?
You feel clever.
Your skin feels tougher.
Okay, then.
Cast which spell? (? or * to list)
Okay, then.
You see here a giant cockroach corpse.
You open the door.
Sigmund the Dreaded comes into view.
He is wielding a +0 scythe.
Sigmund shouts!
Found 8 gold pieces.
Sigmund is nearby!
Sigmund is nearby!
Sigmund is nearby!
There is an open door here.
Press: ? - help, Shift-Dir - straight line, f - Sigmund
Aim: Sigmund, wielding a +0 scythe and wearing a +0 robe The splash of poison hits Sigmund.
Sigmund is poisoned.
Sigmund is lightly wounded.
Sigmund closely misses you.
Sigmund hits you from afar with a +0 scythe!
Sigmund hits you with a +0 scythe!
Cast which spell? (? or * to list)
You grow a pair of large bovine horns.
Sigmund hits you with a +0 scythe.
* * * LOW HITPOINT WARNING * * *
You slash Sigmund!
Sigmund is moderately wounded.
You have got your breath back.
Sigmund barely misses you.
You hit Sigmund. You headbutt Sigmund.
Sigmund is severely wounded.
Sigmund barely misses you.
You closely miss Sigmund.
Sigmund is severely wounded.
Your transformation is almost over.
Sigmund hits you with a +0 scythe!
You die...

### #.. #$# #.# #.#
#.# #.# #@# #.# #@#
#.# #.# #.# #####'###
#.# #.......# #.#
#.......# #.#########
#.......# ##..........
#.......# #.....######
#.......###.....######
#####..†..'..>........


You could see Sigmund (poisoned).

Vanquished Creatures
  A dart slug (D:2)
  2 ball pythons
  An endoplasm (D:1)
  2 giant cockroaches (D:2)
  3 goblins (D:1)
  4 jackals (D:2)
  A quokka (D:1)
  3 bats
  A kobold (D:1)
18 creatures vanquished.

Notes
Turn   | Place    | Note
-------+----------+-------------------------------------------
     0 | D:1      | hatdisgam the Naga Transmuter began the quest for the Orb.
     0 | D:1      | Reached XP level 1. HP: 18/18 MP: 3/3
   272 | D:1      | Found Xaplappissu's Antique Weapon Emporium.
   306 | D:1      | Reached XP level 2. HP: 22/25 MP: 5/5
   386 | D:1      | Learned a level 2 spell: Wereblood
   556 | D:1      | Found a faded altar of an unknown god.
   663 | D:2      | Reached skill level 1 in Long Blades
   825 | D:2      | Reached XP level 3. HP: 31/31 MP: 6/6
   831 | D:2      | Noticed Sigmund
   839 | D:2      | Slain by Sigmund

Illustrated notes

Levels and vault maps discovered:
D:1:      dpeg_arrival_fog, layout_rooms, dilly_ecumenical_altar_fadedgnrine,
          serial_shops, shop_fountains
D:2:      layout_basic, minmay_circle_x, uniq_sigmund

Skill      XL: |  1  2 |
---------------+-------+-----
Long Blades    | 1 |  1.2
Fighting       | |  1.3
Dodging        | |  1.5
Shields        | |  0.5
Unarmed Combat | |  3.0
Spellcasting   | |  2.0
Transmutations | |  2.5

Action                   || total
-------------------------++-------
Melee: Falchion          ||    33
       Headbutt          ||     1
 Cast: Beastly Appendage ||     1
 Abil: Spit Poison       ||     1
 Stab: Sleeping          ||     1
Armor: Robe              ||    12
Dodge: Dodged            ||    20
       Rpst.: Falchion   ||     7

Table legend: (Time is in decaauts)
 A = Elapsed time spent in this place.
 B = Non-inter-level travel time spent in this place.
 C = Inter-level travel time spent in this place.
 D = Time resting spent in this place.
 E = Time spent auto-exploring this place.
 F = Levels seen in this place.
 G = Mean time per level.
                   A        B        C        D        E       F      G
               +--------+--------+--------+--------+--------+-----+--------+
         Total |   1084 |   1037 |     47 |      0 |    873 |   2 |  542.0 |
       Dungeon |   1084 |   1037 |     47 |      0 |    873 |   2 |  542.0 |
               +--------+--------+--------+--------+--------+-----+--------+

Top non-repeatable levels by time:
     D:1: 770 daAuts
     D:2: 313 daAuts
